Map: Polka LE

Players

qqq

  • Race: Zerg Zerg

Massa

  • Race: Terran Terran
  • League: Platinum

cKoL - Winner!

  • Race: Terran Terran
  • League: Diamond

TestingDummy - Winner!

  • Race: Protoss Protoss

VOD

Have the link to the VOD?

Description

Time

  • Played on: April 12, 2021, 4:02 p.m.
  • Length: 11:39
Show
View Real Time Build Order
Export as new Build Order

qqq Zerg 

Build Orders: Hatch First, Muta Ling Bane 

Get SALT Encoding   

  12  0:01  Drone  
  13  0:11  Drone  
  14  0:19  Overlord  
  14  0:47  Hatchery  
  13  0:51  Drone  
  13  0:52  Drone  
  15  1:01  Drone  
  16  1:15  Drone  
  16  1:16  Drone  
  18  1:28  Spawning Pool  
  18  1:29  Extractor  
  16  1:38  Drone x2  
  18  1:46  Drone  
  18  2:10  Drone x3  
  18  2:14  Queen  
  18  2:15  Queen  
  23  2:18  Overlord  
  23  2:20  Drone  
  26  2:29  Metabolic Boost  
  26  2:31  Zergling x2  
  26  2:33  Zergling x2  
  26  2:36  Drone  
  29  2:46  Drone  
  29  2:47  Drone  
  31  2:59  Drone x2  
  33  3:09  Drone x2  
  35  3:14  Evolution Chamber  
  35  3:18  Drone  
  35  3:19  Drone  
  36  3:24  Overlord  
  36  3:28  Overlord  
  36  3:31  Hatchery, Zergling x2  
  36  3:42  Zergling x4  
  36  3:43  Zergling x8  
  36  3:48  Zerg Melee Weapons Level 1  
  42  3:53  Lair  
  42  3:58  Overlord  
  42  3:59  Zergling x2  
  42  4:01  Zergling x2  
  44  4:03  Zergling x2  
  44  4:05  Zergling x2  
  44  4:08  Zergling x2  
  44  4:09  Zergling x2  
  48  4:12  Zergling x2  
  49  4:17  Zergling x4  
  49  4:21  Zergling x2  
  52  4:26  Zergling x2  
  52  4:31  Zergling x10  
  55  4:32  Zergling x2  
  59  4:40  Overlord  
  59  4:43  Drone x2  
  61  4:48  Drone  
  61  5:04  Drone x2, Baneling Nest  
  61  5:05  Drone x3  
  61  5:06  Hydralisk Den  
  64  5:08  Extractor x2  
  64  5:11  Queen  
  63  5:28  Drone x6  
  67  5:29  Drone x2  
  71  5:41  Drone x3  
  71  5:42  Evolution Chamber, Overlord  
  73  6:04  Spire  
  73  6:05  Spore Crawler  
  73  6:07  Spore Crawler  
  73  6:09  Extractor  
  73  6:11  Drone x4  
  70  6:12  Drone x5  
  70  6:14  Extractor  
  70  6:15  Extractor  
  76  6:32  Drone x2  
  78  6:33  Drone x4  
  82  6:44  Overlord x4  
  82  6:45  Overlord x3  
  82  6:51  Overlord  
  82  6:56  Infestation Pit  
  64  7:19  Mutalisk x4, Corruptor  
  64  7:20  Corruptor x3  
  78  7:27  Zerg Flyer Weapons Level 1  
  78  7:41  Corruptor  
  78  7:42  Mutalisk  
  78  7:43  Drone  
  83  7:44  Drone  
  83  7:49  Mutalisk  
  83  7:50  Hatchery  
  85  7:52  Drone x2  
  87  7:58  Mutalisk  
  87  8:01  Overlord x2  
  87  8:05  Corruptor  
  89  8:07  Mutalisk  
  89  8:08  Drone  
  91  8:29  Mutalisk  
  91  8:30  Mutalisk, Corruptor  
  97  8:40  Mutalisk x2, Zergling x8  
  105  8:47  Baneling x4  
  105  9:01  Drone x3, Overlord  
  105  9:02  Drone x2  
  110  9:04  Queen  
  112  9:14  Hydralisk x2  
  112  9:16  Corruptor  
  116  9:18  Lurker Den  
  116  9:22  Zerg Flyer Armor Level 1  
  117  9:24  Hive  
  117  9:31  Baneling x4  
  117  9:32  Baneling  
  117  9:33  Baneling  
  117  9:35  Baneling  
  117  9:36  Baneling  
  117  9:40  Queen  
  119  9:47  Centrifical Hooks  
  119  9:55  Hydralisk  
  119  9:56  Hydralisk  
  119  9:57  Drone x4  
  119  9:58  Drone x5  
  132  10:02  Hydralisk x3  
  132  10:03  Hydralisk  
  132  10:07  Drone x6  
  145  10:22  Zergling x16  
  104  10:50  Hydralisk x3  
  104  10:51  Hydralisk x7  
  104  10:54  Lurker  
  104  10:55  Lurker  
  112  10:59  Lurker  
  111  11:17  Hatchery  
Show
View Real Time Build Order
Export as new Build Order

Massa Terran 

Build Orders:  

Get SALT Encoding   

  12  0:00  SCV  
  13  0:12  SCV  
  14  0:24  SCV  
  15  0:29  Supply Depot  
  15  0:34  Refinery  
  15  0:50  SCV  
  15  0:52  Barracks  
  16  1:03  SCV  
  17  1:15  SCV  
  18  1:26  Refinery  
  18  1:27  SCV  
  19  1:42  SCV  
  20  1:58  Command Center  
  20  1:59  Orbital Command  
  20  2:03  Reaper  
  21  2:12  Factory  
  21  2:24  SCV  
  22  2:38  SCV  
  22  2:40  Barracks Reactor  
  22  3:08  SCV  
  22  3:10  SCV  
  24  3:18  Starport  
  24  3:19  Marine x2  
  26  3:21  Hellion  
  26  3:26  Orbital Command  
  28  3:29  SCV  
  29  3:37  Marine x2  
  31  3:43  Hellion, Engineering Bay  
  33  3:50  Supply Depot  
  33  3:51  Supply Depot  
  33  3:54  Medivac  
  33  3:55  Marine x2  
  37  3:59  SCV  
  38  4:09  Factory Tech Lab  
  38  4:12  SCV x2, Marine  
  38  4:13  Marine  
  42  4:19  Terran Infantry Weapons Level 1  
  44  4:24  SCV x2, Medivac  
  46  4:36  SCV x2, Siege Tank  
  46  4:37  Marine x2  
  53  4:45  Barracks  
  53  4:50  Barracks x2  
  53  4:55  Marine  
  54  5:06  Supply Depot  
  54  5:07  Supply Depot  
  54  5:12  Supply Depot  
  54  5:28  Marine  
  51  5:46  Marine x2  
  51  5:49  Barracks Tech Lab x2  
  53  5:50  Barracks Reactor  
  53  5:51  Starport Tech Lab  
  53  5:52  Siege Tank  
  53  5:54  SCV x2  
  58  5:58  Missile Turret  
  58  6:01  Missile Turret  
  58  6:04  Marine x2  
  58  6:06  SCV x2  
  58  6:08  Combat Shield, Stimpack  
  62  6:13  Terran Infantry Armor Level 1  
  62  6:17  Refinery x2  
  62  6:18  SCV x2  
  64  6:21  Marine  
  64  6:22  Marine  
  56  7:00  Raven  
  58  7:01  Siege Tank  
  58  7:02  Marauder  
  58  7:03  Marauder, Marine x4  
  69  7:14  Corvid Reactor  
  69  7:15  SCV x2  
  71  7:20  Marine  
  71  7:21  Marine  
  73  7:24  Marauder x2  
  73  7:26  Concussive Shells  
  73  7:27  SCV  
  73  7:29  Armory  
  78  7:34  Supply Depot  
  78  7:35  Supply Depot  
  78  7:37  Supply Depot x3  
  78  7:50  Command Center  
  78  7:55  SCV x2, Raven  
  78  7:56  Marauder  
  84  7:59  Supply Depot  
  84  8:07  SCV x2  
  86  8:19  SCV  
  88  8:20  SCV  
  88  8:23  Starport  
  88  8:26  Starport  
  88  8:30  Marauder x2, Marine x4  
  88  8:32  Terran Infantry Weapons Level 2  
  96  8:38  SCV x2  
  98  8:48  Marine x2  
  99  8:50  SCV x2  
  99  8:51  Marauder x2  
  99  8:54  Sensor Tower  
  99  8:55  Missile Turret  
  106  8:56  Marine x2  
  106  9:02  SCV, Viking  
  110  9:03  SCV  
  110  9:06  Marine x2  
  110  9:07  Viking  
  116  9:13  Marauder x2, Sensor Tower  
  120  9:59  Orbital Command  
  120  10:03  Siege Tank  
  126  10:35  Siege Tank  
  126  10:36  Marauder x2, Marine  
  126  10:37  Marine x3  
  117  10:54  Marine  
  117  10:55  Marine x2  
  112  10:58  Marauder x2  
  101  11:04  Marine  
  105  11:12  Marine  
  105  11:13  Marine x2  
  105  11:14  SCV  
  105  11:15  SCV x2  
  111  11:19  Barracks  
  111  11:21  Refinery  
  111  11:22  Refinery, Barracks  
  119  11:27  SCV x2  
Show
View Real Time Build Order
Export as new Build Order

cKoL Terran - Winner!

Build Orders: Reaper Expand 

Get SALT Encoding   

  12  0:00  SCV  
  13  0:12  SCV  
  14  0:18  Supply Depot  
  14  0:24  SCV  
  15  0:39  SCV  
  15  0:40  Barracks  
  16  0:46  Refinery  
  16  0:51  SCV  
  17  1:04  SCV  
  18  1:16  SCV  
  19  1:32  Orbital Command, Reaper  
  19  1:53  Command Center  
  19  1:57  SCV  
  20  2:05  Factory  
  20  2:09  SCV  
  20  2:12  Supply Depot  
  21  2:21  SCV  
  22  2:22  Barracks Reactor  
  22  2:28  Barracks  
  22  2:33  SCV  
  23  2:46  SCV  
  24  2:58  SCV, Marine  
  25  2:59  Marine  
  25  3:00  Factory Tech Lab  
  25  3:04  Orbital Command  
  27  3:10  SCV  
  27  3:12  Supply Depot  
  28  3:16  Marine x2  
  30  3:23  Starport  
  30  3:28  SCV  
  30  3:30  SCV  
  30  3:32  Refinery  
  32  3:35  Marine x3  
  32  3:38  Factory Tech Lab  
  35  3:43  SCV x2  
  37  3:48  Barracks  
  37  3:52  Marine  
  37  3:53  Marine x2  
  34  3:55  Stimpack  
  40  3:58  SCV x2  
  42  4:10  SCV x2, Marine x2  
  42  4:11  Refinery, Marine  
  47  4:18  Supply Depot  
  47  4:22  SCV x2, Siege Tank  
  52  4:30  Supply Depot  
  52  4:33  Marine x2  
  52  4:36  Marine  
  54  4:40  SCV x2  
  54  4:42  Barracks Reactor  
  56  4:51  Supply Depot  
  56  4:52  SCV x2  
  58  4:54  Siege Tank  
  61  5:04  SCV x2  
  63  5:08  Command Center  
  63  5:19  Marine x3  
  63  5:20  Marine x2  
  63  5:35  Combat Shield  
  63  5:40  SCV x2  
  64  5:45  Marine x4  
  64  5:46  Marine  
  69  5:50  Siege Tank  
  69  5:51  Starport Reactor, Supply Depot  
  69  5:55  SCV x2  
  74  6:07  SCV x2  
  74  6:08  Supply Depot  
  74  6:11  Engineering Bay  
  76  6:15  Engineering Bay, Marine x2  
  76  6:16  Marine  
  79  6:18  Marine  
  79  6:20  Marine  
  79  6:22  Siege Tank  
  84  6:27  Orbital Command  
  83  6:38  Marine x5  
  81  6:46  Terran Infantry Weapons Level 1  
  81  6:49  Terran Infantry Armor Level 1  
  81  6:55  Marine x2  
  81  6:59  SCV x2  
  83  7:12  SCV x2  
  85  7:15  Siege Tank  
  85  7:16  Marine x5  
  93  7:25  Refinery  
  93  7:31  Barracks  
  93  7:32  Barracks  
  93  7:34  Orbital Command, Marine x2, Medivac x2  
  93  7:35  Marine  
  100  7:40  SCV x2  
  102  7:46  Supply Depot  
  102  7:49  Supply Depot  
  102  7:50  Supply Depot  
  102  7:52  SCV x2  
  104  8:00  SCV  
  108  8:05  Siege Tank  
  108  8:10  SCV, Medivac x2  
  108  8:11  SCV  
  113  8:21  Barracks Reactor x2  
  113  8:24  Armory  
  111  8:28  SCV  
  111  8:29  SCV  
  113  8:35  Supply Depot  
  113  8:36  SCV  
  114  8:42  Siege Tank  
  114  8:46  Medivac  
  114  8:47  Medivac  
  121  8:51  SCV x2  
  121  8:53  SCV  
  124  9:02  Missile Turret  
  124  9:03  Missile Turret  
  124  9:08  Missile Turret  
  124  9:10  Missile Turret  
  124  9:14  Marine x4  
  124  9:17  Marine  
  128  9:19  Siege Tank  
  132  9:36  Marine  
  133  9:46  Marine x8  
  133  9:47  Supply Depot  
  133  9:48  Supply Depot  
  140  10:08  Medivac x2  
  140  10:09  Siege Tank  
  134  10:37  Marine x3  
  134  10:38  Marine x4  
  134  10:41  Siege Tank  
  110  11:10  Marine x5  
  110  11:11  Marine x4  
  121  11:16  Barracks, Command Center  
  126  11:18  Barracks  
Show
View Real Time Build Order
Export as new Build Order

TestingDummy Protoss - Winner!

Build Orders: 1 Gate Expand 

Get SALT Encoding   

  12  0:00  Probe  
  13  0:13  Probe  
  14  0:20  Pylon  
  14  0:25  Probe  
  15  0:38  Probe  
  15  0:41  Gateway  
  16  0:50  Probe  
  17  1:02  Probe  
  18  1:13  Nexus  
  18  1:18  Probe  
  19  1:25  Assimilator  
  19  1:26  Assimilator  
  19  1:30  Probe  
  20  1:43  Cybernetics Core  
  20  1:47  Probe  
  20  1:59  Probe  
  21  2:11  Probe  
  21  2:13  Pylon  
  22  2:22  Warp Gate  
  22  2:23  Stalker (Chrono Boost)  
  24  2:36  Probe  
  25  2:37  Probe  
  26  2:48  Probe  
  26  2:49  Probe  
  28  2:56  Gateway  
  28  2:58  Gateway  
  28  3:00  Probe  
  28  3:01  Probe  
  30  3:06  Stalker  
  33  3:12  Probe  
  33  3:14  Robotics Facility  
  33  3:16  Probe  
  35  3:28  Probe x2 (Chrono Boost)  
  36  3:37  Pylon  
  36  3:39  Probe (Chrono Boost)  
  36  3:40  Probe (Chrono Boost)  
  38  3:45  Stalker  
  38  3:47  Sentry  
  38  3:48  Probe x2 (Chrono Boost), Sentry  
  46  3:53  Probe (Chrono Boost)  
  46  3:55  Probe  
  48  3:58  Twilight Council  
  49  4:02  Observer (Chrono Boost)  
  49  4:04  Probe  
  49  4:07  Probe  
  51  4:13  Pylon  
  51  4:16  Probe  
  52  4:19  Probe  
  53  4:25  Pylon  
  53  4:28  Probe, Assimilator  
  54  4:31  Probe, Immortal  
  59  4:40  Probe  
  59  4:44  Probe  
  61  4:52  Probe  
  62  4:56  Probe  
  62  4:59  Sentry x2  
  67  5:00  Assimilator  
  67  5:04  Probe  
  68  5:08  Probe  
  69  5:21  Pylon  
  69  5:35  Probe  
  70  5:37  Templar Archives  
  70  5:39  Probe, Blink  
  71  5:43  Gateway x2  
  71  5:46  Gateway  
  71  5:47  Probe  
  72  5:51  Probe  
  72  5:53  Pylon  
  73  5:58  Pylon  
  73  5:59  Probe  
  73  6:01  Pylon  
  73  6:03  Probe  
  75  6:05  Pylon  
  75  6:11  Probe  
  75  6:15  Probe  
  77  6:24  Probe  
  77  6:25  Psionic Storm  
  78  6:27  Probe  
  79  6:34  Observer  
  79  6:35  Nexus  
  79  6:36  Probe  
  79  6:37  Pylon x2  
  79  6:38  Stalker  
  79  6:39  Probe, Pylon, Stalker x4  
  92  6:44  Assimilator  
  92  6:46  Assimilator  
  92  6:48  Probe  
  92  6:51  Probe  
  94  7:00  Probe  
  95  7:04  Probe  
  96  7:09  Zealot  
  96  7:10  Zealot x3  
  96  7:11  Zealot x2, Forge  
  96  7:12  Probe, Forge  
  109  7:16  Probe  
  102  7:24  Probe  
  102  7:28  Probe, Gateway  
  104  7:36  Probe  
  105  7:37  Charge (Chrono Boost)  
  105  7:38  Observer  
  105  7:40  Probe  
  105  7:44  Stalker x4  
  109  7:45  Stalker x2  
  109  7:48  Probe, Protoss Ground Armor Level 1  
  109  7:51  Protoss Ground Weapons Level 1  
  120  7:52  Probe  
  121  7:59  Observer  
  121  8:00  Probe  
  121  8:04  Probe  
  124  8:11  High Templar x2  
  128  8:12  Probe  
  129  8:27  Probe  
  130  8:29  Shield Battery  
  130  8:30  Zealot x5  
  130  8:32  Probe  
  141  8:35  Shield Battery  
  141  8:39  Probe, Archon  
  142  8:44  Probe  
  143  8:51  Probe  
  143  9:11  Zealot x3  
  143  9:15  Pylon  
  149  9:17  Pylon, Nexus  
  149  9:18  Pylon x2  
  149  9:19  Pylon  
  149  9:20  Dark Shrine  
  149  9:21  Pylon x2  
  149  9:22  Pylon  
  149  9:33  Probe x2, Observer  
  149  9:34  High Templar, Pylon x3  
  149  9:35  High Templar  
  149  9:36  High Templar, Zealot  
  149  9:37  Zealot x2  
  149  9:38  Zealot  
  166  9:44  Photon Cannon  
  166  9:45  Probe  
  167  9:46  Photon Cannon  
  166  9:55  Observer  
  167  10:07  Zealot  
  167  10:08  Zealot x6  
  161  11:14  Stalker  
  161  11:15  Stalker x6  
  161  11:17  Probe x2  
  161  11:18  Probe  
Tags
 
Add a new tag
Caveats
  • Supply blocks, unpowered buildings, or Contaminate may cause inaccurate times.
  • Supply counts are checked every 10 seconds.